TOP OF THE 1ST |
Plymouth Rocks batting - Pitching for Jersey Shore D-Bags : RHP Cristóbal Santos
|
Pitching: RHP Cristóbal Santos
|
|
Batting: RHB José Flores
|
0-0: Called Strike 0-1: Ball 1-1: Called Strike 1-2: Ball 2-2: Fly out, F4 (Popup, 4)
|
Batting: RHB António Zúñiga
|
0-0: Called Strike 0-1: Ball 1-1: Ball 2-1: Ground out 5-3 (Groundball, 56)
|
Batting: LHB Roy Patrick
|
0-0: Called Strike 0-1: Ball 1-1: Called Strike 1-2: Ball 2-2: Strikes out looking
|
Top of the 1st over - 0 run(s), 0 hit(s), 0 error(s), 0 left on base; Plymouth 0 - Jersey Shore 0 |
BOTTOM OF THE 1ST |
Jersey Shore D-Bags batting - Pitching for Plymouth Rocks : RHP Lorenzo Aguilar
|
Pitching: RHP Lorenzo Aguilar
|
|
Batting: RHB Ricardo González
|
0-0: Ball 1-0: Ball 2-0: Fly out, F4 (Line Drive, 4M)
|
Batting: RHB Millard Boyd
|
0-0: Called Strike 0-1: Ball 1-1: Swinging Strike 1-2: Ground out 5-3 (Groundball, 56)
|
Batting: LHB Dave Dodd
|
0-0: Ball 1-0: Swinging Strike 1-1: Called Strike 1-2: Foul Ball, location: 2F 1-2: Ball 2-2: Ground out 5-3 (Groundball, 5S)
|
Bottom of the 1st over - 0 run(s), 0 hit(s), 0 error(s), 0 left on base; Plymouth 0 - Jersey Shore 0 |
TOP OF THE 2ND |
Plymouth Rocks batting - Pitching for Jersey Shore D-Bags : RHP Cristóbal Santos
|
Batting: SHB Greg Welch
|
0-0: Ball 1-0: Ground out U3 (Groundball, 3L)
|
Batting: LHB Barrett Waters
|
0-0: Ball 1-0: Foul Ball, location: 2F 1-1: Swinging Strike 1-2: DOUBLE (Flyball, 9D)
|
Batting: LHB Roger Moore
|
0-0: Ball 1-0: Ball 2-0: Ball 3-0: Called Strike 3-1: SINGLE (Line Drive, 4MD) Barrett Waters to third Runner from 3rd tries for Home, throw and OUT! Roger Moore to second
|
Batting: RHB Jorge Jiménez
|
0-0: Ball 1-0: Foul Ball, location: 2F 1-1: Called Strike 1-2: Ground out 4-3 (Groundball, 4)
|
Top of the 2nd over - 0 run(s), 2 hit(s), 0 error(s), 1 left on base; Plymouth 0 - Jersey Shore 0 |
BOTTOM OF THE 2ND |
Jersey Shore D-Bags batting - Pitching for Plymouth Rocks : RHP Lorenzo Aguilar
|
Batting: LHB Pat Zimmerman
|
0-0: Fly out, F8 (Line Drive, 8RS)
|
Batting: LHB Dave Watt
|
0-0: Foul Ball, location: 2F 0-1: Ball 1-1: Ball 2-1: Fly out, F7 (Flyball, 78D)
|
Batting: RHB Miguel Serna
|
0-0: Called Strike 0-1: Foul Ball, location: 2F 0-2: Ball 1-2: Ball 2-2: Fly out, F8 (Flyball, 8RM)
|
Bottom of the 2nd over - 0 run(s), 0 hit(s), 0 error(s), 0 left on base; Plymouth 0 - Jersey Shore 0 |
TOP OF THE 3RD |
Plymouth Rocks batting - Pitching for Jersey Shore D-Bags : RHP Cristóbal Santos
|
Batting: LHB Frank Geddes
|
0-0: Ball 1-0: Foul Ball, location: 2F 1-1: Ball 2-1: Ball 3-1: SINGLE (Groundball, 34S)
|
Batting: RHB António Gonzáles
|
0-0: Called Strike 0-1: Swinging Strike 0-2: Ball 1-2: Ball 2-2: Ball 3-2: Foul Ball, location: 2F 3-2: Strikes out looking
|
Batting: RHB José Flores
|
0-0: Swinging Strike 0-1: Ball 1-1: SINGLE (Popup, 8RS) Frank Geddes to second Runner from 2nd tries for 3rd, SAFE, no throw or cutoff
|
Batting: RHB António Zúñiga
|
0-0: Called Strike 0-1: Called Strike 0-2: Ball 1-2: Foul Ball, location: 2F 1-2: Ball Wild Pitch! Frank Geddes scores José Flores to second 2-2: Ball 3-2: 2-RUN HOME RUN (Flyball, 7D), Distance : 375 ft
|
Batting: LHB Roy Patrick
|
0-0: Ball 1-0: Called Strike 1-1: Ball 2-1: Foul Ball, location: 2F 2-2: Ground out 4-3 (Groundball, 4M)
|
Batting: SHB Greg Welch
|
0-0: Ball 1-0: Foul Ball, location: 2F 1-1: Foul Ball, location: 2F 1-2: Strikes out swinging
|
Top of the 3rd over - 3 run(s), 3 hit(s), 0 error(s), 0 left on base; Plymouth 3 - Jersey Shore 0 |
BOTTOM OF THE 3RD |
Jersey Shore D-Bags batting - Pitching for Plymouth Rocks : RHP Lorenzo Aguilar
|
Batting: LHB Mike Bryant
|
0-0: Called Strike 0-1: Ball 1-1: Foul Ball, location: 2F 1-2: Strikes out swinging
|
Batting: LHB Robert Phillips
|
0-0: Called Strike 0-1: Called Strike 0-2: Fly out, F7 (Flyball, 7D)
|
Batting: RHB Owen Carter
|
0-0: Ball 1-0: Called Strike 1-1: Ground out 4-3 (Groundball, 4)
|
Bottom of the 3rd over - 0 run(s), 0 hit(s), 0 error(s), 0 left on base; Plymouth 3 - Jersey Shore 0 |
TOP OF THE 4TH |
Plymouth Rocks batting - Pitching for Jersey Shore D-Bags : RHP Cristóbal Santos
|
Batting: LHB Barrett Waters
|
0-0: Ball 1-0: Ball 2-0: Called Strike 2-1: Foul Ball, location: 2F 2-2: Strikes out looking
|
Batting: LHB Roger Moore
|
0-0: Ball 1-0: Called Strike 1-1: Reached on error, E4 (Groundball, 4)
|
Batting: RHB Jorge Jiménez
|
0-0: Ground out 6-3 (Groundball, 6M) Roger Moore to third
|
Batting: LHB Frank Geddes
|
0-0: Foul Ball, location: 2F 0-1: Ball 1-1: Foul Ball, location: 2F 1-2: Fly out, F6 (Line Drive, 6D)
|
Top of the 4th over - 0 run(s), 0 hit(s), 1 error(s), 1 left on base; Plymouth 3 - Jersey Shore 0 |
BOTTOM OF THE 4TH |
Jersey Shore D-Bags batting - Pitching for Plymouth Rocks : RHP Lorenzo Aguilar
|
Batting: RHB Ricardo González
|
0-0: Foul Ball, location: 2F 0-1: Ground out 6-3 (Groundball, 6)
|
Batting: RHB Millard Boyd
|
0-0: Ball 1-0: Ball 2-0: Ball 3-0: Base on Balls
|
Batting: LHB Dave Dodd
|
0-0: Ball 1-0: Called Strike 1-1: Called Strike 1-2: Ball 2-2: Ball 3-2: Ground out U3 (Groundball, 3) Millard Boyd to second
|
Batting: LHB Pat Zimmerman
|
0-0: Called Strike 0-1: Fly out, F3 (Line Drive, 3S)
|
Bottom of the 4th over - 0 run(s), 0 hit(s), 0 error(s), 1 left on base; Plymouth 3 - Jersey Shore 0 |
TOP OF THE 5TH |
Plymouth Rocks batting - Pitching for Jersey Shore D-Bags : RHP Cristóbal Santos
|
Batting: RHB António Gonzáles
|
0-0: Foul Ball, location: 2F 0-1: Ball 1-1: SINGLE (Groundball, 34D)
|
Batting: RHB José Flores
|
0-0: Grounds into double play, 5-4-3 (Groundball, 5)
|
Batting: RHB António Zúñiga
|
0-0: Ground out 4-3 (Groundball, 4MS)
|
Top of the 5th over - 0 run(s), 1 hit(s), 0 error(s), 0 left on base; Plymouth 3 - Jersey Shore 0 |
BOTTOM OF THE 5TH |
Jersey Shore D-Bags batting - Pitching for Plymouth Rocks : RHP Lorenzo Aguilar
|
Batting: LHB Dave Watt
|
0-0: Ball 1-0: Ball 2-0: Ground out 4-3 (Groundball, 4M)
|
Batting: RHB Miguel Serna
|
0-0: Foul Ball, location: 2F 0-1: Ball 1-1: Foul Ball, location: 2F 1-2: Fly out, F9 (Flyball, 9M)
|
Batting: LHB Mike Bryant
|
0-0: Called Strike 0-1: Ball 1-1: Ball 2-1: Ball 3-1: Called Strike 3-2: Base on Balls
|
Batting: LHB Robert Phillips
|
0-0: DOUBLE (Flyball, 8RD) Mike Bryant to third Runner from 3rd tries for Home, throw and OUT!
|
Bottom of the 5th over - 0 run(s), 1 hit(s), 0 error(s), 1 left on base; Plymouth 3 - Jersey Shore 0 |
TOP OF THE 6TH |
Plymouth Rocks batting - Pitching for Jersey Shore D-Bags : RHP Cristóbal Santos
|
Now at 1B: Pedro Rodríguez
|
|
Batting: LHB Roy Patrick
|
0-0: Called Strike 0-1: Swinging Strike 0-2: Ball 1-2: Ball 2-2: Foul Ball, location: 2F 2-2: Foul Ball, location: 2F 2-2: Strikes out swinging
|
Batting: SHB Greg Welch
|
0-0: Called Strike 0-1: Ball 1-1: Called Strike 1-2: Strikes out swinging
|
Batting: LHB Barrett Waters
|
0-0: Ball 1-0: Called Strike 1-1: Swinging Strike 1-2: Ball 2-2: Strikes out swinging
|
Top of the 6th over - 0 run(s), 0 hit(s), 0 error(s), 0 left on base; Plymouth 3 - Jersey Shore 0 |
BOTTOM OF THE 6TH |
Jersey Shore D-Bags batting - Pitching for Plymouth Rocks : RHP Lorenzo Aguilar
|
Batting: RHB Owen Carter
|
0-0: Ball 1-0: Swinging Strike 1-1: Swinging Strike 1-2: Ball 2-2: Strikes out looking
|
Batting: RHB Ricardo González
|
0-0: Called Strike 0-1: Ball 1-1: Ball 2-1: Foul Ball, location: 2F 2-2: Foul Ball, location: 2F 2-2: Foul Ball, location: 2F 2-2: Ball 3-2: Foul Ball, location: 2F 3-2: Fly out, F3 (Popup, 3SF)
|
Batting: RHB Millard Boyd
|
0-0: Ball 1-0: Called Strike 1-1: Ball 2-1: Foul Ball, location: 2F 2-2: Ball 3-2: Foul Ball, location: 2F 3-2: Fly out, F4 (Popup, 4M)
|
Bottom of the 6th over - 0 run(s), 0 hit(s), 0 error(s), 0 left on base; Plymouth 3 - Jersey Shore 0 |
TOP OF THE 7TH |
Plymouth Rocks batting - Pitching for Jersey Shore D-Bags : RHP Cristóbal Santos
|
Pitching: RHP Paco Gutiérrez
|
|
Batting: LHB Roger Moore
|
0-0: Called Strike 0-1: Swinging Strike 0-2: Ball 1-2: Ball 2-2: DOUBLE (Flyball, 78M)
|
Batting: RHB Jorge Jiménez
|
0-0: Ball 1-0: Swinging Strike 1-1: Called Strike 1-2: Strikes out swinging
|
Batting: LHB Frank Geddes
|
0-0: Intentional Walk
|
Batting: RHB António Gonzáles
|
0-0: Ball 1-0: Grounds into double play, 4-6-3 (Groundball, 4)
|
Top of the 7th over - 0 run(s), 1 hit(s), 0 error(s), 1 left on base; Plymouth 3 - Jersey Shore 0 |
BOTTOM OF THE 7TH |
Jersey Shore D-Bags batting - Pitching for Plymouth Rocks : RHP Lorenzo Aguilar
|
Batting: LHB Dave Dodd
|
0-0: Ball 1-0: Called Strike 1-1: Ball 2-1: Swinging Strike 2-2: Strikes out swinging
|
Batting: LHB Pat Zimmerman
|
0-0: Swinging Strike 0-1: Foul Ball, location: 2F 0-2: Foul Ball, location: 2F 0-2: Foul Ball, location: 2F 0-2: SINGLE (Groundball, 34D)
|
Batting: LHB Dave Watt
|
0-0: Ball 1-0: SINGLE (Groundball, 34D) Pat Zimmerman to second Runner from 2nd tries for 3rd, SAFE, throw made to third
|
Batting: RHB Miguel Serna
|
0-0: Foul Ball, location: 2F 0-1: Ball 1-1: Ball 2-1: Foul Ball, location: 2F 2-2: SINGLE (Groundball, 4MD) Pat Zimmerman scores Dave Watt to second
|
Pitching: RHP Scotty Johnson
|
|
Batting: RHB Pedro Rodríguez
|
0-0: Foul Ball, location: 2F 0-1: Ball 1-1: Ball Dave Watt steals 3rd base Miguel Serna to second 2-1: Swinging Strike 2-2: Strikes out swinging
|
Pitching: LHP Carl Lewis
|
|
Pinch Hitting: RHB Lawrence Yates
|
0-0: Called Strike 0-1: Ball 1-1: Ground out 4-3 (Groundball, 4)
|
Bottom of the 7th over - 1 run(s), 3 hit(s), 0 error(s), 2 left on base; Plymouth 3 - Jersey Shore 1 |
TOP OF THE 8TH |
Plymouth Rocks batting - Pitching for Jersey Shore D-Bags : RHP Paco Gutiérrez
|
Now in CF: Lawrence Yates
|
|
Batting: RHB José Flores
|
0-0: Foul Ball, location: 2F 0-1: Foul Ball, location: 2F 0-2: Ball 1-2: Strikes out swinging
|
Batting: RHB António Zúñiga
|
0-0: Ball 1-0: Ball 2-0: Called Strike 2-1: Foul Ball, location: 2F 2-2: Foul Ball, location: 2F 2-2: Foul Ball, location: 2F 2-2: Strikes out swinging
|
Batting: LHB Roy Patrick
|
0-0: Ball 1-0: Foul Ball, location: 2F 1-1: Called Strike 1-2: Strikes out swinging
|
Top of the 8th over - 0 run(s), 0 hit(s), 0 error(s), 0 left on base; Plymouth 3 - Jersey Shore 1 |
BOTTOM OF THE 8TH |
Jersey Shore D-Bags batting - Pitching for Plymouth Rocks : LHP Carl Lewis
|
Pitching: RHP Luis Cortéz
|
|
Batting: RHB Owen Carter
|
0-0: Ball 1-0: Foul Ball, location: 2F 1-1: Foul Ball, location: 2F 1-2: Foul Ball, location: 2F 1-2: Strikes out looking
|
Batting: RHB Ricardo González
|
0-0: Ball 1-0: Ball 2-0: Ball 3-0: Base on Balls
|
Pitching: RHP Jean Burrows
|
|
Batting: RHB Millard Boyd
|
0-0: DOUBLE (Groundball, 5L) Ricardo González to third
|
Pitching: RHP Soichiro Ikeda
|
|
Batting: LHB Dave Dodd
|
0-0: Called Strike 0-1: Foul Ball, location: 2F 0-2: Strikes out looking
|
Batting: LHB Pat Zimmerman
|
0-0: Fly out, F8 (Flyball, 8LXD)
|
Bottom of the 8th over - 0 run(s), 1 hit(s), 0 error(s), 2 left on base; Plymouth 3 - Jersey Shore 1 |
TOP OF THE 9TH |
Plymouth Rocks batting - Pitching for Jersey Shore D-Bags : RHP Paco Gutiérrez
|
Pitching: LHP Hyo-chin Kim
|
|
Batting: SHB Greg Welch
|
0-0: Called Strike 0-1: Ground out 6-3 (Groundball, 6M)
|
Batting: LHB Barrett Waters
|
0-0: Ball 1-0: SINGLE (Line Drive, 89S)
|
Batting: LHB Roger Moore
|
0-0: Ball 1-0: Called Strike 1-1: Called Strike 1-2: Ball 2-2: Ball 3-2: Strikes out swinging
|
Batting: RHB Jorge Jiménez
|
0-0: Ball 1-0: Called Strike 1-1: Fly out, F9 (Flyball, 9D)
|
Top of the 9th over - 0 run(s), 1 hit(s), 0 error(s), 1 left on base; Plymouth 3 - Jersey Shore 1 |
BOTTOM OF THE 9TH |
Jersey Shore D-Bags batting - Pitching for Plymouth Rocks : RHP Soichiro Ikeda
|
Pitching: RHP Scot MacIntosh
|
|
Batting: LHB Dave Watt
|
0-0: Ball 1-0: Foul Ball, location: 2F 1-1: Foul Ball, location: 2F 1-2: Fly out, F6 (Line Drive, 6M)
|
Batting: RHB Miguel Serna
|
0-0: Foul Ball, location: 2F 0-1: Foul Ball, location: 2F 0-2: Ball 1-2: Foul Ball, location: 2F 1-2: Foul Ball, location: 2F 1-2: Strikes out swinging
|
Batting: RHB Pedro Rodríguez
|
0-0: Ball 1-0: Ball 2-0: Called Strike 2-1: Swinging Strike 2-2: Strikes out swinging
|
Bottom of the 9th over - 0 run(s), 0 hit(s), 0 error(s), 0 left on base; Plymouth 3 - Jersey Shore 1 |
|